AoeStats
← [NOE] Jupiter

Fortress

509165362Analyzed
2v2 RM · 8d ago on Sep 25, 2026· 19m 34s· 4 players
Game mode
Random Map
Map size
Normal (6 player)
Population
200
Speed
Normal
Resources
Standard
Victory
Conquest
Starting age
Dark Age
Ending age
Imperial Age
RankedLock teamsTeams togetherTeam positionsShared explorationLock speedFull tech treeHidden civsTurbo modeCheats
Victory
Defeat
🇫🇷 Poles · France
1474
+10
🇫🇷 Danes · France
1445
+12
🇦🇷 Inca · Argentina
1348
-11
🇦🇷 Cumans · Argentina
1335
-11
[NOE] Jupiter
7:31 Feudal Age
8:46 Double-Bit Axe
8:47 Horse Collar
11:29 Castle Age
9:17 Double-Bit Axe
9:52 Gold Mining
10:12 Scale Mail Armor
11:00 Arson
11:56 Forging
12:19 Squires
12:49 Bow Saw
[NOE] Lyrendir
7:39 Feudal Age
11:47 Castle Age
9:56 Double-Bit Axe
11:22 Horse Collar
12:36 Forging
12:39 Bow Saw
15:02 Scale Mail Armor
15:12 Forging
15:06 Squires
16:18 Arson
16:57 Chain Mail Armor
17:49 Wheelbarrow
17:16 Heavy Plow
18:59 Loom
19:36 Fletching
Helado de Diarrea
6:43 Feudal Age
6:56 Feudal Age
11:24 Castle Age
9:51 Horse Collar
11:21 Forging
11:17 Scale Mail Armor
17:32 Squires
18:48 Forging
el droga niños
4:19 Loom
6:23 Feudal Age
7:19 Double-Bit Axe
8:23 Horse Collar
Connection lost

Rejoining the realm…

Still unreachable

The connection could not be restored.

Session expired

The server has moved on; the page needs a fresh start.